 Dungeon Crawl Stone Soup version 0.32-a0-22-g6ae6769602 (webtiles) character file.

Game seed: 16769627902817871370

2620 senseless the Ruffian (level 9, -6/69 HPs)
             Began as a Demonspawn Shapeshifter on Jan 18, 2024.
             Was an Initiate of Hepliaklqana.
             Mangled by a purple ugly thing (11 damage)
             ... on level 8 of the Dungeon.
             The game lasted 00:16:44 (6540 turns).

senseless the Ruffian (Demonspawn Shapeshifter)     Turns: 6540, Time: 00:16:44

Health: -6/69      AC: 11    Str: 25    XL:     9   Next: 34%
Magic:  9/9        EV: 12    Int: 11    God:    Hepliaklqana [......]
Gold:   37         SH:  0    Dex: 12    Spells: 8/8 levels left

rFire   + .          .
                       - Unarmed
rCold   x . .        (no shield)
rNeg    + . .        t - +5 scale mail "Mog Qoof" {rElec rC- Will+++ SInv}
rPois   .            (helmet currently unavailable)
rElec   +            (cloak currently unavailable)
rCorr   .            (gloves currently unavailable)
SInv    +            (boots currently unavailable)
Will    +++..        A - amulet of regeneration Stlth
                     i - +6 ring of strength
HPRegen 1.11/turn    f - ring of positive energy
MPRegen 0.22/turn

%: no passive effects
@: about to teleport, beast-form
A: beast (slay +3), hooves 2, demonic guardian 1, magic regeneration, fire
resistance 1, high MP 1, sense surroundings 1
a: Begin Untransformation, Renounce Religion


You were on level 8 of the Dungeon.
You worshipped Hepliaklqana.
Hepliaklqana was noncommittal.
You were a hulking beast.
You visited 2 branches of the dungeon, and saw 9 of its levels.

You collected 485 gold pieces.
You spent 448 gold pieces at shops.

Inventory:

Hand Weapons
 C - a +5 flail
 E - a +0 heavy arbalest
Missiles
 y - 6 curare-tipped darts
 D - 6 boomerangs (quivered)
Armour
 a - a +0 animal skin
 o - a +0 pair of boots
 q - a +0 pair of gloves
 s - a +0 pair of boots
 t - the +5 scale mail "Mog Qoof" (worn) {rElec rC- Will+++ SInv}
   (You found it on level 3 of the Dungeon)

   rC-:       It makes you vulnerable to cold.
   rElec:     It insulates you from electricity.
   Will+++:   It greatly increases your willpower.
   SInv:      It lets you see invisible.
 F - a +2 cloak
 G - +0 acid dragon scales
 I - a +0 helmet
 J - a +0 pair of gloves
 K - the +0 chain mail "Duzopall" {rC+ rN+}
   (You bought it in a shop on level 6 of the Dungeon)

   rC+:       It protects you from cold.
   rN+:       It protects you from negative energy.
 N - a +0 buckler
Jewellery
 f - a ring of positive energy (right hand)
 i - a +6 ring of strength (left hand)
 l - an amulet of the acrobat
 p - a +6 ring of intelligence
 A - an amulet of regeneration (around neck)
Talismans
 c - a beast talisman
 d - a flux talisman
Wands
 n - a wand of mindburst (20)
 w - a wand of polymorph (2)
 z - a wand of acid (6)
 B - a wand of iceblast (8)
Scrolls
 h - a scroll of vulnerability
 k - a scroll of revelation {unknown}
 m - 4 scrolls of teleportation
 v - a scroll of immolation
 x - a scroll of noise
Potions
 b - 4 potions of lignification
 g - 4 potions of brilliance
 r - 3 potions of curing
 L - 2 potions of berserk rage


   Skills:
 * Level 6.1 Fighting
 + Level 3.3 Armour
 * Level 5.7 Dodging
 * Level 6.1 Unarmed Combat
 * Level 5.7 Shapeshifting


You had 8 spell levels left.
You didn't know any spells.
Your spell library contained the following spells:

 Spells                   Type           Power      Damage    Failure   Level
 Call Canine Familiar     Summ           0%         N/A       94%         3
 Confusing Touch          Hex            0%         N/A       94%         3
 Fugue of the Fallen      Necr           0%         N/A       94%         3
 Ozocubu's Armour         Ice            0%         N/A       94%         3
 Sigil of Binding         Hex            0%         N/A       94%         3
 Volatile Blastmotes      Fire/Tloc      0%         2d10      94%         3
 Dimensional Bullseye     Hex/Tloc       0%         N/A       100%        4
 Fulminant Prism          Conj/Alch      0%         3d5       100%        4
 Iskenderun's Mystic Bla  Conj/Tloc      0%         2d3       100%        4
 Manifold Assault         Tloc           0%         N/A       100%        4


Dungeon Overview and Level Annotations

Branches:
Dungeon (8/15)             Temple (1/1) D:7
   Lair: D:8-11

Altars:
Ashenzari
Cheibriados
Dithmenos
Fedhas
Gozag
Hepliaklqana
Kikubaaqudgha
Makhleb
Nemelex Xobeh
Okawaru
Qazlal
Sif Muna
Trog
Uskayaw
Vehumet
Wu Jian
Xom
Yredelemnul

Shops:
D:6 **[

Annotations:
D:4 3 runed translucent doors, Mll's ghost, amateur GrFi


Innate Abilities, Weirdness & Mutations

You are a hulking beast.
Your limbs bulge with bestial killing power. (Slay +3)
You have hoof-like feet.
A weak demonic guardian rushes to your aid.
You regenerate magic rapidly.
Your flesh is heat resistant. (rF+)
You have an increased reservoir of magic. (+10% MP)
You passively map a small area around you.


Message History

The purple ugly thing is severely wounded.
The orc closely misses you.
The purple ugly thing gores you but does no damage.
You closely miss the purple ugly thing. You kick the purple ugly thing.
The purple ugly thing is severely wounded.
The sky beast flickers out of sight for a moment.
The seven-headed hydra bites you!
The seven-headed hydra bites you but does no damage.
The seven-headed hydra barely misses you.
The seven-headed hydra closely misses you.
The seven-headed hydra bites you.
The seven-headed hydra bites you but does no damage. x2
The orc barely misses you.
The purple ugly thing closely misses you.
The seven-headed hydra attacks as it pursues you!
The seven-headed hydra closely misses you.
The seven-headed hydra bites you!
The seven-headed hydra closely misses you.
The seven-headed hydra bites you.
* * * LOW HITPOINT WARNING * * *
The seven-headed hydra bites you!
* * * LOW HITPOINT WARNING * * *
A demonic guardian appears!
The seven-headed hydra bites you.
* * * LOW HITPOINT WARNING * * *
The seven-headed hydra bites you.
* * * LOW HITPOINT WARNING * * *
There is a stone staircase leading up here.
The purple ugly thing attacks as it pursues you!
The purple ugly thing gores you.
* * * LOW HITPOINT WARNING * * *
The seven-headed hydra bites your quasit but does no damage.
The seven-headed hydra misses your quasit. x2
The seven-headed hydra bites your quasit!
The seven-headed hydra closely misses your quasit.
The seven-headed hydra bites your quasit!
Your quasit dies!
Your quasit disappears in a puff of smoke!
As you read the scroll of teleportation, it crumbles to dust.
You feel strangely unstable. The purple ugly thing gores you!
You die...

#.......##..........>.. *
.......####........##..,*
........#...###...## ,
.###.......## #...# .#
###....## #...# §# ###.##
##..# , * §# *#..# #..# ,
§# #.>.# #..## §. .....#
#h..# * , , #..,..##..
#uY.# , #..## ##. #.D.# ,
, ..# #, * #..o...... ..#
*#...g.....,, .# *
*#........., * ..........
* .........## * *
.........#.#


You could see a seven-headed hydra, a purple ugly thing, a sky beast
(invisible), a gnoll sergeant and an orc.

Vanquished Creatures
  Sigmund (D:2)
  A vampire mosquito (D:7)
  An acid dragon (D:7)
  3 water moccasins
  2 orc warriors (D:7)
  An ice beast (D:6)
  An ogre (D:4)
  2 phantoms
  2 bullfrogs
  A scorpion (D:4)
  4 wights (D:7)
  A bombardier beetle (D:6)
  2 hounds (D:5)
  An orc priest (D:7)
  2 jellies
  Jessica (D:2)
  6 iguanas
  3 sleepcaps
  8 orc wizards
  5 adders
  7 gnolls
  A white imp (D:7)
  2 ufetubi (D:6)
  3 dart slugs
  A ribbon worm (D:2)
  24 orcs
  8 endoplasms
  4 goblins
  9 hobgoblins
  6 kobolds
  3 quokkas (D:2)
  A ball python (D:1)
  5 bats
  6 frilled lizards
  13 rats
141 creatures vanquished.

Vanquished Creatures (collateral kills)
  A sky beast (D:6)
1 creature vanquished.

Grand Total: 142 creatures vanquished

Notes
Turn   | Place    | Note
-------+----------+-------------------------------------------
     0 | D:1      | senseless the Demonspawn Shapeshifter began the quest for
                  | the Orb.
     0 | D:1      | Reached XP level 1. HP: 15/15 MP: 1/1
   179 | D:1      | Gained mutation: You have large cloven feet. [demonic
                  | ancestry]
   179 | D:1      | Reached XP level 2. HP: 11/21 MP: 2/2
   548 | D:2      | Reached XP level 3. HP: 26/26 MP: 3/3
   798 | D:2      | Noticed Jessica
   807 | D:2      | Killed Jessica
   808 | D:2      | Gained mutation: A weak demonic guardian rushes to your
                  | aid. [demonic ancestry]
   808 | D:2      | Reached XP level 4. HP: 24/33 MP: 4/4
   943 | D:2      | Noticed Sigmund
   946 | D:2      | Killed Sigmund
   947 | D:2      | Gained mutation: You have hoof-like feet. [demonic
                  | ancestry]
   947 | D:2      | Reached XP level 5. HP: 40/40 MP: 5/5
  1050 | D:3      | Identified the +5 scale mail "Mog Qoof" {rElec rC- Will+++
                  | SInv}
  1419 | D:3      | Reached XP level 6. HP: 47/47 MP: 6/6
  1453 | D:3      | Got the Grimoire of Doom
  2068 | D:4      | Found a runed translucent gate.
  2082 | D:4      | Found a runed translucent gate.
  2082 | D:4      | Found a runed translucent gate.
  2185 | D:4      | Noticed Mll's ghost (amateur GrFi)
  2642 | D:4      | Reached skill level 1 in Armour
  2642 | D:4      | Reached XP level 7. HP: 46/53 MP: 7/7
  3032 | D:5      | Entered Level 5 of the Dungeon
  3865 | D:6      | Found Beuschokh's Antique Armour Shoppe.
  3880 | D:6      | Bought an ancient chain mail for 237 gold pieces
  3880 | D:6      | Identified the +0 chain mail "Duzopall" {rC+ rN+} (You
                  | bought it in a shop on level 6 of the Dungeon)
  3941 | D:6      | Found Laliok's Assorted Antiques.
  3950 | D:6      | Bought a scroll labelled JUALEMMYRCH for 30 gold pieces
  3950 | D:6      | Bought 2 fuming brown potions for 54 gold pieces
  3950 | D:6      | Bought a scroll labelled LOEZXAZXYI for 30 gold pieces
  4075 | D:6      | Bought a pink potion for 27 gold pieces
  4168 | D:6      | Reached XP level 8. HP: 61/61 MP: 8/8
  4223 | D:6      | Reached skill level 5 in Unarmed Combat
  4522 | D:6      | Found Qafuwnasm's General Store.
  4873 | D:7      | Reached skill level 5 in Fighting
  4886 | D:7      | Reached skill level 5 in Shapeshifting
  4893 | D:7      | Found a staircase to the Ecumenical Temple.
  4902 | Temple   | Entered the Ecumenical Temple
  4937 | Temple   | Became a worshipper of Hepliaklqana the Forgotten
  5357 | D:7      | Reached skill level 5 in Dodging
  5687 | D:6      | Bought a potion of berserk rage for 70 gold pieces
  6397 | D:7      | Gained mutation: You regenerate magic rapidly. [demonic
                  | ancestry]
  6397 | D:7      | Reached XP level 9. HP: 67/68 MP: 9/9
  6455 | D:8      | Gained mutation: You passively map a small area around you.
                  | [potion of mutation]
  6455 | D:8      | Gained mutation: Your flesh is heat resistant. (rF+)
                  | [potion of mutation]
  6455 | D:8      | Gained mutation: You have an increased reservoir of magic.
                  | (+10% MP) [potion of mutation]
  6528 | D:8      | Noticed a purple ugly thing
  6530 | D:8      | Noticed a seven-headed hydra
  6539 | D:8      | HP: 3/69 [purple ugly thing (4)]
  6540 | D:8      | Mangled by a purple ugly thing

Illustrated notes

Levels and vault maps discovered:
D:1:      roadster_arrival_rocket_large, layout_rooms
D:2:      layout_rooms, uniq_jessica, uniq_sigmund
D:3:      layout_basic
D:4:      layout_layer_cave, gammafunk_ghost_icy
D:5:      layout_cave_pods
D:6:      layout_cave_pods, serial_shops, nicolae_shop_back_alley_shop, shop,
          shop
D:7:      layout_layer_cave, minmay_temple_entry_glass, kennysheep_minor_cross
D:8:      layout_layer_cave, minmay_manual_mess
Temple:   kilobyte_greek_temple

Skill      XL: |  1  2  3  4  5  6  7  8  9 |
---------------+----------------------------+-----
Dodging        | 2 3 4 5 |  5.7
Unarmed Combat | 3 4 5 6 |  6.1
Shapeshifting  | 3 4 5 |  5.7
Fighting       | 2 3 4 5 6 |  6.1
Armour         | 1 2 3 |  3.3

Action                     |  1- 3 |  4- 6 |  7- 9 || total
---------------------------+-------+-------+-------++-------
  Melee: Unarmed           |    75 |    99 |   204 ||   378
         Punch             |     2 |     1 |     5 ||     8
         Kick              |    12 |    23 |    59 ||    94
  Throw: Boomerang         |       |       |   111 ||   111
  Evoke: Wand              |       |     4 |       ||     4
    Use: Scroll            |       |       |    15 ||    15
         Potion            |       |       |     5 ||     5
   Stab: Sleeping          |     1 |     1 |       ||     2
 Armour: Animal skin       |    32 |     4 |       ||    36
         Scale mail        |       |    58 |   144 ||   202
  Dodge: Dodged            |    53 |    37 |   108 ||   198

Table legend: (Time is in decaauts)
 A = Elapsed time spent in this place.
 B = Non-inter-level travel time spent in this place.
 C = Inter-level travel time spent in this place.
 D = Time resting spent in this place.
 E = Time spent auto-exploring this place.
 F = Levels seen in this place.
 G = Mean time per level.
                   A        B        C        D        E       F      G
               +--------+--------+--------+--------+--------+-----+--------+
         Total |   6542 |   6116 |    426 |    168 |   4906 |   9 |  726.9 |
       Dungeon |   6473 |   6114 |    359 |    168 |   4906 |   8 |  809.1 |
        Temple |     69 |      2 |     67 |      0 |      0 |   1 |   69.0 |
               +--------+--------+--------+--------+--------+-----+--------+

Top non-repeatable levels by time:
     D:7: 1485 daAuts
     D:4: 1086 daAuts
     D:6: 1043 daAuts
     D:3: 914 daAuts
     D:5: 837 daAuts
     D:2: 543 daAuts
     D:1: 476 daAuts
     D:8: 85 daAuts
  Temple: 69 daAuts
